 Dungeon Crawl Stone Soup version 0.31-a0-210-gccc998df9b (webtiles) character file.

Game seed: 12540227503492030959

230 qw the Shooter (level 6, -1/35 HPs)
             Began as a Gargoyle Hexslinger on June 29, 2023.
             Killed from afar by an orc wizard (8 damage)
             ... with a puff of flame
             ... on level 2 of the Dungeon.
             The game lasted 00:00:46 (1207 turns).

qw the Shooter (Gargoyle Hexslinger)                Turns: 1207, Time: 00:00:46

Health: -1/35      AC: 10    Str: 11    XL:     6   Next: 3%
Magic:  7/7        EV: 10    Int: 14    God:
Gold:   105        SH:  0    Dex: 14    Spells: 6/7 levels left

rFire   . . .        Y - +1 sling
rCold   . . .        (no shield)
rNeg    + + .        f - +0 ring mail
rPois   inf          (no helmet)
rElec   +            (no cloak)
rCorr   .            k - +0 pair of gloves
SInv    .            (no boots)
Will    .....        (no amulet)
Stlth   +            d - ring of positive energy
HPRegen 0.25/turn    (no ring)
MPRegen 0.10/turn

%: no passive effects
@: no status effects
A: sickness immunity, AC +4, negative energy resistance 1, electricity
resistance, torment resistance 1, petrification resistance
a: no special abilities


You were on level 2 of the Dungeon.
You visited 1 branch of the dungeon, and saw 2 of its levels.

You collected 105 gold pieces.


Innate Abilities, Weirdness & Mutations

You are immune to sickness and miasma.
Your stone body is resilient. (AC +4)
You are immune to poison.
You resist negative energy. (rN+)
You are resistant to electric shocks. (rElec)
You are resistant to unholy torment.
You are immune to petrification.


   Skills:
 + Level 2.1 Fighting
 - Level 5.5 Ranged Weapons
 - Level 1.3 Armour
 - Level 1.5 Dodging
 - Level 1.0 Spellcasting
 - Level 2.6 Hexes


You had 6 spell levels left.
You knew the following spells:

 Your Spells              Type           Power      Damage    Failure   Level
a - Slow                  Hex            32%        N/A       21%         1

Your spell library contained the following spells:

 Spells                   Type           Power      Damage    Failure   Level
 Inner Flame              Hex/Fire       4%         N/A       71%         3
 Portal Projectile        Hex/Tloc       8%         N/A       71%         3
 Cause Fear               Hex            4%         N/A       90%         4

Inventory:

Hand Weapons
 Y - a +1 sling (weapon)
Armour
 c - a +0 helmet
 f - a +0 ring mail (worn)
 k - a +0 pair of gloves (worn)
Jewellery
 d - a ring of positive energy (left hand)
Potions
 a - a potion of magic {unknown}
 b - a potion of mutation {unknown}
 e - a potion of resistance {unknown}
 g - a potion of attraction {unknown}
 i - a potion of lignification {unknown}

Dungeon Overview and Level Annotations

Branches:
Dungeon (2/15)

Altars:


Message History

You shoot a sling bullet.
The sling bullet hits the orc but does no damage.
The orc is heavily wounded.
The orc wizard hits you but does no damage.
The hobgoblin hits you but does no damage.
The orc hits you with a +0 flail. The orc closely misses you.
You shoot a sling bullet. The sling bullet barely misses the orc.
The orc wizard completely misses you. The hobgoblin completely misses you.
The orc barely misses you. The orc hits you with a +0 short sword.
You shoot a sling bullet.
The sling bullet hits the orc but does no damage.
The orc is heavily wounded.
The orc wizard hits you but does no damage.
The hobgoblin closely misses you. The orc closely misses you.
The orc misses you. The orc hits you with a +0 flail. The orc misses you.
The orc wizard points at you and mumbles some strange words.
The puff of flame hits you but does no damage.
The hobgoblin barely misses you.
You shoot a sling bullet.
The sling bullet hits the orc but does no damage.
The orc is heavily wounded.
The orc wizard hits you but does no damage.
The hobgoblin closely misses you. The orc closely misses you.
The orc barely misses you.
You shoot a sling bullet. The sling bullet hits the orc.
You kill the orc!
The hobgoblin hits you.
The orc wizard hits you but does no damage.
The orc misses you.
You shoot a sling bullet.
The sling bullet closely misses the orc wizard.
The hobgoblin hits you but does no damage.
The orc wizard closely misses you. The orc hits you with a +0 flail.
You shoot a sling bullet. The sling bullet hits the orc wizard.
The orc wizard is lightly wounded.
The hobgoblin hits you but does no damage.
The orc wizard hits you but does no damage.
The orc wizard casts a spell at you. The puff of flame hits you!
You die...

................#
.........###..#.#
....####...)....# ###
##### #........## ...
########.........###.###
'......................#
#####..................#
# #......####........# #
#......# #.o@o.>._..
###....# ##g.###....
#....# #.o# #.# '...###
#..# # .##..# #..# .
#..# #..# #..# #.)# ....


You could see an orc wizard, 2 orcs and a hobgoblin.

Vanquished Creatures
  Sigmund (D:2)
  3 adders
  2 orcs (D:2)
  7 ball pythons
  5 endoplasms
  2 giant cockroaches (D:1)
  6 goblins
  5 hobgoblins
  A jackal (D:1)
  A quokka (D:2)
  3 bats (D:1)
  2 frilled lizards
  4 kobolds
42 creatures vanquished.

Notes
Turn   | Place    | Note
-------+----------+-------------------------------------------
     0 | D:1      | qw the Gargoyle Hexslinger began the quest for the Orb.
     0 | D:1      | Reached XP level 1. HP: 12/12 MP: 2/2
     0 | D:1      | 0 ||| qw: Version: 0.3-a-24-ga2abf7b
     0 | D:1      | 0 ||| qw: Game counter: 6795
     0 | D:1      | 0 ||| qw: Melee chars always use a shield: true
     0 | D:1      | 0 ||| qw: God list: Okawaru
     0 | D:1      | 0 ||| qw: Allow faded altars: false
     0 | D:1      | 0 ||| qw: Do Orc after clearing Dungeon:15 true
     0 | D:1      | 0 ||| qw: Do second Lair branch before Depths: true
     0 | D:1      | 0 ||| qw: Lair rune preference: random
     0 | D:1      | 0 ||| qw: Goals: Normal
     0 | D:1      | 0 ||| PLANNING D:1-11
   103 | D:1      | Reached XP level 2. HP: 14/16 MP: 3/3
   253 | D:1      | HP: 4/16 [ball python (3)]
   357 | D:1      | Reached skill level 3 in Ranged Weapons
   521 | D:1      | Reached XP level 3. HP: 20/21 MP: 4/4
   715 | D:1      | 715 ||| UPGRADING to +0 ring mail.
   725 | D:1      | 725 ||| DROPPING +0 robe.
   726 | D:1      | 726 ||| UPGRADING to +0 pair of gloves.
   731 | D:1      | 731 ||| UPGRADING to ring of positive energy.
   732 | D:1      | 732 ||| READING scroll labelled TYEFOPNAOPN.
   733 | D:1      | 733 ||| READING scroll labelled HOOJ ZIKHLAMNI.
   734 | D:1      | 734 ||| DROPPING scroll of poison.
   767 | D:2      | 767 ||| FLEEEEING.
   770 | D:2      | 770 ||| STAIRDANCE
   792 | D:2      | 792 ||| STAIRDANCE
   813 | D:2      | 813 ||| STAIRDANCE
   832 | D:1      | Reached skill level 1 in Armour
  1009 | D:2      | Reached XP level 4. HP: 23/26 MP: 5/5
  1053 | D:2      | Noticed Sigmund
  1063 | D:2      | 1063 ||| DROPPING +6 ring of intelligence.
  1070 | D:2      | Killed Sigmund
  1071 | D:2      | Reached skill level 5 in Ranged Weapons
  1071 | D:2      | Reached XP level 5. HP: 18/30 MP: 6/6
  1073 | D:2      | 1073 ||| FLEEEEING.
  1074 | D:2      | 1074 ||| FLEEEEING.
  1075 | D:2      | 1075 ||| FLEEEEING.
  1076 | D:2      | 1076 ||| FLEEEEING.
  1077 | D:2      | 1077 ||| FLEEEEING.
  1078 | D:2      | 1078 ||| FLEEEEING.
  1079 | D:2      | 1079 ||| FLEEEEING.
  1080 | D:2      | 1080 ||| FLEEEEING.
  1081 | D:2      | 1081 ||| FLEEEEING.
  1082 | D:2      | 1082 ||| FLEEEEING.
  1083 | D:2      | 1083 ||| FLEEEEING.
  1084 | D:2      | 1084 ||| FLEEEEING.
  1085 | D:2      | 1085 ||| FLEEEEING.
  1086 | D:2      | 1086 ||| STAIRDANCE
  1121 | D:2      | Reached XP level 6. HP: 35/35 MP: 7/7
  1182 | D:2      | Found a faded altar of an unknown god.
  1206 | D:2      | HP: 7/35 [orc/+0 flail (6)]
  1207 | D:2      | Killed from afar by an orc wizard

Levels and vault maps discovered:
D:1:      co_arrival_random_square_maze, layout_rooms, minmay_hexomino_p4
D:2:      layout_basic, serial_glass, glass_columns_a, glass_columns_a,
          basic_ecumenical_altar, uniq_sigmund

Skill      XL: |  1  2  3  4 |
---------------+-------------+-----
Ranged Weapons | 3 5 |  5.5
Fighting       | 2 |  2.1
Armour         | 1 |  1.3
Dodging        | |  1.5
Spellcasting   | |  1.0
Hexes          | |  2.6

Action                     |  1- 3 |  4- 6 || total
---------------------------+-------+-------++-------
   Fire: Sling             |   158 |    37 ||   195
    Use: Scroll            |     2 |       ||     2
 Armour: Robe              |    14 |       ||    14
         Ring mail         |    30 |    34 ||    64
  Dodge: Dodged            |    66 |    41 ||   107

Table legend:
 A = Non-vault XP
 B = Vault XP
 C = Vault XP percentage of total XP
 D = Non-vault monster count
 E = Vault monster count
 F = Vault count percentage of total count
                 A         B        C        D         E       F
            +---------+---------+-------+---------+---------+-------
      Total |      96 |     233 |  70.8 |      37 |       5 |  11.9
            +---------+---------+-------+---------+---------+-------
        D:1 |      45 |       7 |  13.5 |      21 |       4 |  16.0
        D:2 |      51 |     226 |  81.6 |      16 |       1 |   5.9
            +---------+---------+-------+---------+---------+-------
